 Dungeon Crawl Stone Soup version 0.30.0-15-g856e2d3f33 (webtiles) character file.

Game seed: 12634089147886880696

128 qw the Chopper (level 5, 0/32 HPs)
             Began as a Gargoyle Fighter on May 19, 2023.
             Slain by Sigmund
             ... wielding a +5 scythe of flaming
              (1 damage)
             ... on level 3 of the Dungeon.
             The game lasted 00:01:25 (2635 turns).

qw the Chopper (Gargoyle Fighter)                   Turns: 2635, Time: 00:01:26

Health: 0/32       AC: 10    Str: 22    XL:     5   Next: 12%
Magic:  5/5        EV:  9    Int:  8    God:
Gold:   123        SH:  4    Dex:  9    Spells: 4/4 levels left

rFire   . . .        Y - +0 war axe
rCold   . . .        c - +0 buckler
rNeg    + . .        b - +0 scale mail
rPois   inf          (no helmet)
rElec   +            (no cloak)
rCorr   .            (no gloves)
SInv    .            (no boots)
Will    .....        (no amulet) Stlth
                     (no ring)
HPRegen 0.25/turn    (no ring)
MPRegen 0.09/turn

%: no passive effects
@: no status effects
A: sickness immunity, AC +4, negative energy resistance 1, electricity
resistance, torment resistance 1, petrification resistance
a: no special abilities


You were on level 3 of the Dungeon.
You visited 1 branch of the dungeon, and saw 3 of its levels.

You collected 238 gold pieces.
You spent 115 gold pieces at shops.


Innate Abilities, Weirdness & Mutations

You are immune to sickness and miasma.
Your stone body is resilient. (AC +4)
You are immune to poison.
You resist negative energy. (rN+)
You are resistant to electric shocks. (rElec)
You are resistant to unholy torment.
You are immune to petrification.


   Skills:
 - Level 3.2 Fighting
 + Level 4.7 Axes
 - Level 3.2 Armour
 - Level 3.2 Shields


You had 4 spell levels left.
You didn't know any spells.
Your spell library was empty.

Inventory:

Hand Weapons
 m - a +0 mace
 Y - a +0 war axe (weapon)
Armour
 b - a +0 scale mail (worn)
 c - a +0 buckler (worn)
Scrolls
 e - 2 scrolls of teleportation
 f - 2 scrolls of identify
 g - 3 scrolls of magic mapping {unknown}
 j - a scroll of amnesia {unknown}
 k - a scroll of fear {unknown}
 n - 2 scrolls of enchant armour
Potions
 a - a potion of attraction
 d - 2 potions of might
 h - a potion of lignification
 i - 2 potions of curing
 o - 2 potions of heal wounds

Dungeon Overview and Level Annotations

Branches:
Dungeon (3/15)

Altars:
Dithmenos
Makhleb
Wu Jian
Xom
Yredelemnul

Shops:
D:2 ?

Annotations:
D:3 Sigmund


Message History

You miss something. Something hits you. Something burns you.
You closely miss something. You miss something.
Something hits you but does no damage.
You hit something. Something hits you but does no damage.
You closely miss something.
You hear some strange, mumbled words.
Something tries to affect you, but you resist.
You slash something!
You hear some strange, mumbled words.
A magic dart appears from out of thin air!
The magic dart hits you. Something hits you. Something burns you.
You barely miss something. You closely miss something. Something hits you.
Something burns you.
You barely miss something. You block something's attack.
You barely miss something.
You hear some strange, mumbled words.
You are confused.
You bump into the rock wall.
You hear some strange, mumbled words.
You are more confused.
Something hits you. Something burns you. Something hits you but does no damage.
You bump into the rock wall.
You bump into the rock wall.
Something hits you! Something burns you. Something hits you but does no damage.
You're too confused to move!
Something hits you but does no damage.
You're too confused to move!
Something hits you. Something burns you.
You bump into the rock wall.
You feel less confused.
You hit something but do no damage. Something hits you. Something burns you.
You die...

....~# #~.....'.# ###.#
....~# #~.....'.# #.# ....~#
#~....~### #.#
....~######~....~# #.#
~....~~~~~~....~~##########.#
~~............~~##....<..<..#
#~~..........~~###.##########
##~~.....%..~~##.{..#
###~~......~~##.@.#.#
####~~~~~~~~###.#...#
.##############.#####
......######.##.#
.^.##........##.#
...############.# # ...# #.#
# ..## #.# # .## #.# #


There were no monsters in sight!

Vanquished Creatures
  A gnoll (D:1)
  4 adders
  2 worms
  3 orcs (D:3)
  5 ball pythons
  5 endoplasms
  A giant cockroach (D:3)
  5 goblins
  11 hobgoblins
  7 jackals
  4 quokkas
  6 bats
  2 frilled lizards (D:1)
  7 kobolds
  5 rats
68 creatures vanquished.

Notes
Turn   | Place    | Note
-------+----------+-------------------------------------------
     0 | D:1      | qw the Gargoyle Fighter began the quest for the Orb.
     0 | D:1      | Reached XP level 1. HP: 14/14 MP: 1/1
     0 | D:1      | 0 ||| qw: Version: 0.2-a-96-g8eb1148
     0 | D:1      | 0 ||| qw: Game counter: 21
     0 | D:1      | 0 ||| qw: Always use a shield: true
     0 | D:1      | 0 ||| qw: God list: Okawaru
     0 | D:1      | 0 ||| qw: Allow faded altars: false
     0 | D:1      | 0 ||| qw: Do Orc after D:15 true
     0 | D:1      | 0 ||| qw: Do second Lair branch before Depths: true
     0 | D:1      | 0 ||| qw: Lair rune preference: random
     0 | D:1      | 0 ||| qw: Plans: Normal, Zot:1-4, God:TSO, Crypt, Tomb,
                  | Pan, Slime:5, Hells, Abyss, Win
     0 | D:1      | 0 ||| PLANNING D:1-11
     2 | D:1      | Noticed a troll
     2 | D:1      | Noticed a formicid
     4 | D:1      | Noticed a minotaur
     4 | D:1      | Noticed an ogre
     6 | D:1      | Noticed a human
     8 | D:1      | Noticed a meteoran
     8 | D:1      | Noticed a merfolk
    10 | D:1      | Noticed a vine stalker
    13 | D:1      | Noticed an elf
    13 | D:1      | Noticed a draconian
    15 | D:1      | Noticed a demigod
    17 | D:1      | Noticed a spriggan
    17 | D:1      | Noticed an armataur
    19 | D:1      | Noticed a vampire
    19 | D:1      | Noticed a ghoul
    21 | D:1      | Noticed a gargoyle
    21 | D:1      | Noticed a felid
    23 | D:1      | Noticed a demonspawn
    23 | D:1      | Noticed an octopode
    25 | D:1      | Noticed a naga
    25 | D:1      | Noticed a formicid
    27 | D:1      | Noticed a troll
    27 | D:1      | Noticed an ogre
    88 | D:1      | 88 ||| Stepping ~*~*~tactically~*~*~ (stealth).
    89 | D:1      | 89 ||| Stepping ~*~*~tactically~*~*~ (stealth).
    90 | D:1      | 90 ||| Stepping ~*~*~tactically~*~*~ (stealth).
    92 | D:1      | Reached skill level 2 in Axes
   100 | D:1      | Reached XP level 2. HP: 13/19 MP: 2/2
   116 | D:1      | 116 ||| Stepping ~*~*~tactically~*~*~ (stealth).
   219 | D:1      | Reached skill level 3 in Axes
   395 | D:1      | Reached XP level 3. HP: 22/23 MP: 3/3
   578 | D:1      | 578 ||| Stepping ~*~*~tactically~*~*~ (hiding).
   579 | D:1      | 579 ||| Stepping ~*~*~tactically~*~*~ (hiding).
   646 | D:1      | 646 ||| Stepping ~*~*~tactically~*~*~ (stealth).
   809 | D:1      | 809 ||| READING scroll labelled VAKHUEFYUG.
   810 | D:1      | 810 ||| READING 4 scrolls labelled BAPREFUAGA.
   811 | D:1      | 811 ||| READING 3 scrolls of identify.
   811 | D:1      | 811 ||| IDENTIFYING metallic inky potion
   812 | D:1      | 812 ||| READING 2 scrolls of identify.
   812 | D:1      | 812 ||| IDENTIFYING lumpy sapphire potion
  1028 | D:2      | 1028 ||| Stepping ~*~*~tactically~*~*~ (stealth).
  1246 | D:2      | Reached XP level 4. HP: 28/28 MP: 4/4
  1338 | D:2      | Found Furho's Magic Scroll Shoppe.
  1343 | D:2      | 1343 ||| BUYING 2 scrolls of identify (40 gold).
  1343 | D:2      | Bought 2 scrolls of identify for 40 gold pieces
  1343 | D:2      | 1343 ||| BUYING scroll of enchant armour (75 gold).
  1343 | D:2      | Bought a scroll of enchant armour for 75 gold pieces
  1343 | D:2      | 1343 ||| SHOPLISTING scroll of identify (20 gold, have 2).
  1343 | D:2      | 1343 ||| SHOPLISTING scroll of teleportation (30 gold, have
                  | 2).
  1343 | D:2      | 1343 ||| DROPPING +0 club.
  1403 | D:2      | Found a faded altar of an unknown god.
  1408 | D:2      | Reached skill level 4 in Axes
  1738 | D:2      | 1738 ||| READING 2 scrolls labelled TOYTES BUACRI.
  1741 | D:2      | 1741 ||| READING scroll labelled GANO UCIUMMESCH.
  1742 | D:2      | 1742 ||| READING scroll labelled MENWU ZIBLAHIU.
  1743 | D:2      | 1743 ||| READING scroll labelled JODGHO RAHIMEZ.
  1744 | D:2      | 1744 ||| READING scroll labelled PASACR TONYFI.
  1745 | D:2      | 1745 ||| DRINKING 2 fizzy coppery potions.
  1746 | D:2      | 1746 ||| READING 4 scrolls of identify.
  1746 | D:2      | 1746 ||| IDENTIFYING clear potion
  1747 | D:2      | 1747 ||| READING 3 scrolls of identify.
  1747 | D:2      | 1747 ||| IDENTIFYING glowing purple potion
  1748 | D:2      | 1748 ||| DROPPING potion of flight.
  1853 | D:3      | 1853 ||| Stepping ~*~*~tactically~*~*~ (stealth).
  1855 | D:3      | 1855 ||| Stepping ~*~*~tactically~*~*~ (stealth).
  1903 | D:3      | 1903 ||| Stepping ~*~*~tactically~*~*~ (stealth).
  1913 | D:3      | Found a burning altar of Makhleb.
  1913 | D:3      | Found a shadowy altar of Dithmenos.
  2214 | D:3      | Found a basalt altar of Yredelemnul.
  2347 | D:3      | Reached XP level 5. HP: 31/32 MP: 5/5
  2550 | D:3      | Found a shimmering altar of Xom.
  2550 | D:3      | Found an ornate altar of the Wu Jian Council.
  2605 | D:3      | Noticed Sigmund
  2629 | D:3      | HP: 7/32 [something (7)]
  2633 | D:3      | HP: 3/32 [something (4)]
  2633 | D:3      | HP: 1/32 [something (2)]
  2635 | D:3      | Slain by Sigmund

Levels and vault maps discovered:
D:1:      kb_arrival_jail, layout_loops_ring, minmay_misc_feat_plants
D:2:      layout_basic, hellmonk_ecumenical_altar_slurped_away, serial_shops,
          shop
D:3:      layout_loops_corners, nicolae_overflow_two_pavilions,
          jmf_multi_god_temple, marbit_many_paths, ebering_ghost_sewer_d,
          serial_park_tiny_2, kennysheep_big_empty_room, uniq_sigmund

Skill      XL: |  1  2  3  4 |
---------------+-------------+-----
Axes           | 2 3 4 |  4.7
Fighting       | |  3.2
Armour         | |  3.2
Shields        | |  3.2

Action                     |  1- 3 |  4- 6 || total
---------------------------+-------+-------++-------
  Melee: War axe           |   122 |   106 ||   228
    Use: Scroll            |     4 |     7 ||    11
         Potion            |       |     1 ||     1
 Armour: Scale mail        |    48 |    45 ||    93
  Dodge: Dodged            |    53 |    51 ||   104
  Block: Buckler           |    20 |    16 ||    36

Table legend:
 A = Non-vault XP
 B = Vault XP
 C = Vault XP percentage of total XP
 D = Non-vault monster count
 E = Vault monster count
 F = Vault count percentage of total count
                 A         B        C        D         E       F
            +---------+---------+-------+---------+---------+-------
      Total |     175 |       9 |   4.9 |      64 |       4 |   5.9
            +---------+---------+-------+---------+---------+-------
        D:1 |      61 |       0 |   0.0 |      29 |       0 |   0.0
        D:2 |      40 |       2 |   4.8 |      16 |       1 |   5.9
        D:3 |      74 |       7 |   8.6 |      19 |       3 |  13.6
            +---------+---------+-------+---------+---------+-------
